 Dungeon Crawl Stone Soup version 0.29-a0-643-ga013cefcf8 (webtiles) character file.

Game seed: 835282994223766996

4733 avis the Archer (level 10, -2/80 HPs)
             Began as a Demigod Ice Elementalist on June 19, 2022.
             Slain by an orc warrior
             ... wielding a +0 battleaxe
              (24 damage)
             ... in a bailey.
             The game lasted 01:23:44 (10298 turns).

avis the Archer (Demigod Ice Elementalist)         Turns: 10298, Time: 01:23:45

Health: -2/80      AC: 17    Str: 15    XL:     10   Next: 2%
Magic:  14/17      EV: 17    Int: 17    God:
Gold:   470        SH:  0    Dex: 26    Spells: 11/15 levels left

rFire   . . .      SeeInvis .   a - +4 great sword
rCold   . . .      Faith    .   (shield currently unavailable)
rNeg    . . .      Spirit   .   e - +0 steam dragon scales
rPois   .          Reflect  .   v - +0 helmet
rElec   .          Harm     .   (no cloak)
rCorr   .          Rampage  .   u - +1 pair of gloves
Will    +....                   Q - +2 pair of boots
Stlth   +++.......              (no amulet)
HPRegen 0.23/turn               A - +6 ring of strength
MPRegen 0.15/turn               T - +4 ring of evasion

@: ice-armoured
A: high MP 1, forlorn, divine attributes
a: no special abilities


You were in a bailey.
You visited 2 branches of the dungeon, and saw 9 of its levels.
You also visited: Bailey.

You collected 470 gold pieces.

Inventory:

Hand Weapons
 a - a +4 great sword (weapon)
 b - a +3 longbow of freezing
 c - a +0 shortbow
 k - a +0 broad axe
 O - a +5 short sword
Missiles
 d - 10 poisoned darts
 z - a throwing net
Armour
 e - +0 steam dragon scales (worn)
 u - a +1 pair of gloves (worn)
 v - a +0 helmet (worn)
 J - a +2 robe of resistance
 Q - a +2 pair of boots (worn)
Jewellery
 t - a ring of protection from fire
 A - a +6 ring of strength (left hand)
 T - a +4 ring of evasion (right hand)
Wands
 q - a wand of iceblast (23)
Scrolls
 f - a scroll of immolation
 h - a scroll of fog
 x - 2 scrolls of enchant armour
 E - 2 scrolls of teleportation
Potions
 g - 2 potions of brilliance
 i - 3 potions of haste
 j - a potion of mutation
 o - a potion of invisibility
 p - 2 potions of lignification
 r - a potion of attraction {unknown}
 s - 2 potions of flight
 y - a potion of magic
 D - a potion of resistance {unknown}
 G - a potion of curing {unknown}
 S - a potion of might {unknown}


   Skills:
 + Level 4.3 Fighting
 * Level 11.5 Bows
 - Level 2.0 Dodging
 - Level 3.0 Stealth
 - Level 3.0 Spellcasting
 - Level 6.0 Ice Magic


You had 11 spell levels left.
You knew the following spells:

 Your Spells              Type           Power      Damage    Failure   Level
a - Freeze                Ice            88%        1d10      1%          1
o - Ozocubu's Armour      Ice            22%        N/A       4%          3

Your spell library contained the following spells:

 Spells                   Type           Power      Damage    Failure   Level
 Frozen Ramparts          Ice            44%        1d6       4%          3
 Gell's Gravitas          Tloc           2%         N/A       45%         3
 Lesser Beckoning         Tloc           2%         N/A       45%         3
 Teleport Other           Tloc           2%         N/A       45%         3
 Hailstorm                Conj/Ice       12%        3d5       45%         4


Dungeon Overview and Level Annotations

Branches:
Dungeon (8/15)             Temple (1/1) D:7          Bailey (1/1)
   Lair: D:8-11

Shops:
D:1 :

Annotations:
D:7 2 transporters, Patoropollo's ghost, novice HOFi


Innate Abilities, Weirdness & Mutations

You have an increased reservoir of magic. (+10% MP)
You shall have no god before yourself.
Your divine heritage dramatically boosts your attributes as you level up.


Message History

You barely miss the orc knight.
The orc knight is almost dead.
The orc warrior no longer looks unusually strong.
The hobgoblin misses you.
The orc knight roars a battlecry!
The orc warrior goes into a battle-frenzy!
You hit the orc knight.
The orc knight is almost dead.
The hobgoblin hits you but does no damage.
The orc knight closely misses you. The orc knight barely misses you.
The hobgoblin hits you with a +0 hand axe.
You hit the orc knight but do no damage.
The orc knight is almost dead.
The hobgoblin barely misses you.
The orc knight hits you but does no damage. x2
The hobgoblin hits you with a +0 hand axe.
* * * LOW HITPOINT WARNING * * *
Sorry, you're not good enough to have a special ability.
Sorry, you're not good enough to have a special ability.
Casting: Ozocubu's Armour (dangerous; 4% risk of failure)
Confirm with . or Enter, or press ? or * to list all spells.
Aiming: Freeze (safe; 1% risk of failure)
Press: ? - help, Shift-Dir - straight line, f/p - orc knight
Aim: an orc knight, wielding a +0 war axe and wearing a +4 plate armour (almost dead)
You freeze the orc knight!
The orc knight is almost dead.
The hobgoblin hits you but does no damage.
The orc knight hits you but does no damage.
Casting: Freeze (safe; 1% risk of failure)
Confirm with . or Enter, or press ? or * to list all spells.
Aiming: Freeze (safe; 1% risk of failure)
Press: ? - help, Shift-Dir - straight line, f/p - orc knight
Aim: an orc knight, wielding a +0 war axe and wearing a +4 plate armour (almost dead)
You freeze the orc knight.
You kill the orc knight!
You have reached level 10!
You slash the hobgoblin!
You kill the hobgoblin!
The orc warrior hits you with a +0 battleaxe!!
You die...

#..)....# #..)).
##..)....##
##....)
#.........#
#.....)
##.........##
##......
#.....⌠.....#
#.....⌠.
##.........## 8
##......
#.........# ...
#......
##......)##.....
##.....
#......@ogg....
+.....
##.....##g.....
##.... #######
...⌠. ##### ....
... .. .


You could see an orc warrior (strong), a hobgoblin and 2 goblins.

Vanquished Creatures
  2 orc knights (Bailey)
  Grinder (D:4)
  Sigmund (D:4)
  Edmund (D:5)
  2 steam dragons (D:8)
  3 orc warriors
  A black bear (D:5)
  2 ogres
  2 centaurs
  A phantom (D:7)
  A kobold brigand (D:8)
  Blork the orc (D:5)
  2 bullfrogs
  2 gnoll sergeants
  A necrophage (D:7)
  2 scorpions (D:6)
  8 wights
  4 killer bees
  3 howler monkeys (D:7)
  An orc priest (D:7)
  4 hounds
  5 jellies
  4 iguanas
  6 orc wizards
  30 gnolls
  6 adders
  A shadow imp (D:5)
  An ufetubus (D:7)
  2 worms
  A dart slug (D:4)
  17 orcs
  6 ball pythons
  4 endoplasms
  2 giant cockroaches (D:1)
  43 goblins
  39 hobgoblins
  4 jackals (D:5)
  11 kobolds
  4 quokkas
  3 bats
  2 frilled lizards (D:1)
  6 rats
242 creatures vanquished.

Vanquished Creatures (others)
  6 plants (D:7)
6 creatures vanquished.

Grand Total: 248 creatures vanquished

Notes
Turn   | Place    | Note
-------+----------+-------------------------------------------
     0 | D:1      | avis the Demigod Ice Elementalist began the quest for the
                  | Orb.
     0 | D:1      | Reached XP level 1. HP: 14/14 MP: 5/5
    48 | D:1      | Found Duetasi's Book Boutique.
   420 | D:1      | Reached XP level 2. HP: 20/20 MP: 7/7
   723 | D:2      | Reached skill level 1 in Fighting
  1321 | D:2      | Reached XP level 3. HP: 29/29 MP: 4/8
  1325 | D:2      | Learned a level 3 spell: Ozocubu's Armour
  2361 | D:3      | Reached XP level 4. HP: 36/38 MP: 1/9
  3126 | D:4      | Noticed Sigmund
  3599 | D:4      | Noticed Grinder
  3804 | D:4      | Reached skill level 5 in Ice Magic
  3804 | D:4      | Reached XP level 5. HP: 45/45 MP: 3/10
  4333 | D:5      | Entered Level 5 of the Dungeon
  4373 | D:5      | Noticed a centaur
  4382 | D:5      | Killed a centaur
  4383 | D:5      | Reached skill level 1 in Bows
  4655 | D:5      | Noticed an ogre
  4665 | D:5      | Killed an ogre
  4666 | D:5      | Reached skill level 2 in Bows
  4666 | D:5      | Reached XP level 6. HP: 22/51 MP: 4/11
  4831 | D:5      | Noticed Blork the orc
  4845 | D:5      | Killed Blork the orc
  4846 | D:5      | Reached skill level 3 in Bows
  5148 | D:5      | Reached skill level 4 in Bows
  5450 | D:5      | Reached XP level 7. HP: 55/57 MP: 9/13
  5706 | D:5      | Reached skill level 5 in Bows
  6202 | D:5      | Noticed Edmund
  6219 | D:5      | Killed Edmund
  6220 | D:5      | Reached skill level 6 in Bows
  6726 | D:4      | Killed Sigmund
  6874 | D:4      | Killed Grinder
  6875 | D:4      | Reached skill level 7 in Bows
  6875 | D:4      | Reached XP level 8. HP: 63/63 MP: 10/14
  7299 | D:6      | Reached skill level 8 in Bows
  8157 | D:7      | Reached skill level 9 in Bows
  8373 | D:7      | Reached XP level 9. HP: 61/69 MP: 13/15
  8466 | D:7      | Found a transporter.
  8574 | D:7      | Identified the ring "Upriq" {Fly MP+9 Int+6}
  8577 | D:7      | Noticed Patoropollo's ghost (novice HOFi)
  8935 | D:7      | Found a transporter.
  9001 | D:7      | Reached skill level 10 in Bows
  9265 | D:7      | Found a staircase to the Ecumenical Temple.
  9272 | Temple   | Entered the Ecumenical Temple
  9291 | Temple   | Upgraded the game from 0.29-a0-620-g13ace881f2 to
                  | 0.29-a0-643-ga013cefcf8
  9578 | D:8      | Identified a scroll of acquirement
  9578 | D:8      | Acquired a +2 longbow of freezing
  9929 | D:8      | Found a flagged portal.
  9934 | Bailey   | Entered a bailey
 10150 | Bailey   | Noticed an orc knight
 10152 | Bailey   | Reached skill level 11 in Bows
 10163 | Bailey   | Killed an orc knight
 10279 | Bailey   | Noticed an orc knight
 10297 | Bailey   | Killed an orc knight
 10298 | Bailey   | Reached XP level 10. HP: 22/80 MP: 14/17
 10298 | Bailey   | Slain by an orc warrior

Illustrated notes

Levels and vault maps discovered:
D:1:      lemuel_arrival_river_ford, layout_loops_ring, basic_ecumenical_altar,
          serial_shops, shop
D:2:      layout_loops_corners
D:3:      layout_rooms, serial_curves, eino_curves_01, eino_curves_02
D:4:      layout_basic, uniq_grinder, uniq_sigmund
D:5:      minmay_goblin_kobold_castle, layout_gridville,
          lemuel_coloured_pillars_altar, grunt_temple_overflow_diamond,
          st_stairs_2, uniq_blork_the_orc, uniq_edmund
D:6:      layout_basic
D:7:      layout_loops_cross, grunt_temple_overflow_open,
          minmay_temple_entry_junction_2, gammafunk_ghost_gnarly_gnolls
D:8:      layout_gridville, enter_bailey_3, uniq_joseph
Temple:   nicolae_temple_x_marks_the_god
Bailey:   bailey_axe_minmay_hex_keep, bailey

Skill      XL: |  1  2  3  4  5  6  7  8  9 |
---------------+----------------------------+-----
Ice Magic      | 4 5 6 |  6.0
Spellcasting   | 2 3 |  3.0
Fighting       | 2 3 4 |  4.3
Stealth        | 2 3 |  3.0
Bows           | 2 4 7 9 11 | 11.5
Dodging        | 2 |  2.0

Action                   |  1- 3 |  4- 6 |  7- 9 | 10-12 || total
-------------------------+-------+-------+-------+-------++-------
Melee: Dagger            |    12 |       |       |       ||    12
       Short sword       |     2 |    21 |     5 |       ||    28
       Great sword       |       |       |    68 |     1 ||    69
 Fire: Shortbow          |       |    56 |   336 |       ||   392
       Longbow           |       |       |    89 |       ||    89
Throw: Dart              |     1 |       |       |       ||     1
 Cast: Freeze            |    64 |    49 |    30 |       ||   143
       Ozocubu's Armour  |     6 |    19 |    50 |       ||    75
  Use: Scroll            |       |       |    17 |       ||    17
 Stab: Sleeping          |     6 |     4 |       |       ||    10
Armor: Robe              |    12 |    38 |    94 |       ||   144
       Steam dragon scal |       |       |    11 |       ||    11
Dodge: Dodged            |    31 |    61 |   271 |       ||   363

Table legend: (Time is in decaauts)
 A = Elapsed time spent in this place.
 B = Non-inter-level travel time spent in this place.
 C = Inter-level travel time spent in this place.
 D = Time resting spent in this place.
 E = Time spent auto-exploring this place.
 F = Levels seen in this place.
 G = Mean time per level.
                   A        B        C        D        E       F      G
               +--------+--------+--------+--------+--------+-----+--------+
         Total |  10430 |   9648 |    782 |   2933 |   4112 |  10 | 1043.0 |
       Dungeon |  10021 |   9239 |    782 |   2770 |   4112 |   8 | 1252.6 |
        Temple |     24 |     24 |      0 |      0 |      0 |   1 |   24.0 |
        Bailey |    384 |    384 |      0 |    163 |      0 |   1 |  384.0 |
               +--------+--------+--------+--------+--------+-----+--------+

Top non-repeatable levels by time:
     D:5: 2354 daAuts
     D:4: 1626 daAuts
     D:6: 1336 daAuts
     D:2: 1204 daAuts
     D:7: 1197 daAuts
     D:3: 1091 daAuts
     D:1: 779 daAuts
     D:8: 431 daAuts
  Bailey: 384 daAuts
  Temple: 24 daAuts
